 Dungeon Crawl Stone Soup version 0.27.1-16-g815e20cd7a (webtiles) character file.

Game seed: 16881625530145499690

51 Descartes the Grasshopper (level 3, -1/18 HPs)
             Began as a Spriggan Warper on Nov 21, 2021.
             Killed by nerve-wracking pain
             ... invoked by Jessica
              (8 damage)
             ... on level 2 of the Dungeon.
             The game lasted 00:07:50 (3438 turns).

Descartes the Grasshopper (Spriggan Warper)         Turns: 3438, Time: 00:07:50

Health: -1/18      AC:  2    Str:  8    XL:     3   Next: 58%
Magic:  8/8        EV: 18    Int: 14    God:
Gold:   204        SH:  0    Dex: 14    Spells: 6/8 levels left

rFire    . . .     SeeInvis +   a - +0 short sword
rCold    . . .     Faith    .   (shield restricted)
rNeg     . . .     Spirit   .   b - +0 robe
rPois    +         Reflect  .   (helmet restricted)
rElec    .         Harm     .   (no cloak)
rCorr    .         Rampage  .   (gloves unavailable)
Will     .....                  (boots unavailable)
Stlth    ++........             (no amulet)
HPRegen  0.06/turn              i - ring of poison resistance
MPRegen  0.11/turn              o - ring of wizardry

@: very quick
A: very small, no large weapons, unfitting armour, see invisible, speed 3
a: no special abilities


You were on level 2 of the Dungeon.
You visited 1 branch of the dungeon, and saw 2 of its levels.

You collected 204 gold pieces.

Inventory:

Hand Weapons
 a - a +0 short sword (weapon)
Missiles
 d - 5 boomerangs of dispersal (quivered)
 m - 73 stones
Armour
 b - a +0 robe (worn)
Magical Staves
 h - a staff of earth
Jewellery
 i - a ring of poison resistance (left hand)
 o - a ring of wizardry (right hand)
Scrolls
 c - a scroll of blinking
 g - a scroll of teleportation {unknown}
 k - 2 scrolls of amnesia {unknown}
Potions
 e - a potion of might {unknown}
 f - 3 potions of curing {unknown}
 j - a potion of lignification {unknown}
 l - 2 potions of attraction {unknown}
 n - a potion of heal wounds {unknown}


   Skills:
 - Level 1.5 Fighting
 + Level 2.8 Short Blades
 - Level 1.0 Throwing
 + Level 3.8 Dodging
 + Level 2.2 Stealth
 - Level 3.0 Spellcasting
 + Level 5.1 Translocations


You had 6 spell levels left.
You knew the following spells:

 Your Spells              Type           Power      Damage    Failure   Level
a - Blink                 Tloc           N/A        N/A       1%          2

Your spell library contained the following spells:

 Spells                   Type           Power      Damage    Failure   Level
 Gell's Gravitas          Tloc           8%         N/A       3%          3
 Lesser Beckoning         Tloc           8%         N/A       3%          3
 Teleport Other           Tloc           16%        N/A       3%          3
 Manifold Assault         Tloc           16%        N/A       28%         5


Dungeon Overview and Level Annotations

Branches:
Dungeon (2/15)

Altars:

Annotations:
D:2 Jessica


Innate Abilities, Weirdness & Mutations

You are very small and have problems with some larger weapons.
You are too small for most types of armour.
You have supernaturally acute eyesight. (SInv)
You cover ground extremely quickly. (Speed+++)


Message History

Jessica completely misses you.
You barely miss Jessica.
Jessica is heavily wounded.
You closely miss Jessica.
Jessica is heavily wounded.
Jessica misses you.
You hit Jessica.
Jessica is almost dead.
Jessica closely misses you.
You barely miss Jessica.
Jessica is almost dead.
Jessica closely misses you.
You closely miss Jessica.
Jessica is almost dead.
Jessica casts a spell.
Jessica blinks!
Jessica shouts, "Stop bothering me, or I'll kill you!"
Jessica casts a spell.
Jessica blinks!
Jessica is nearby!
Jessica points at you and mumbles some strange words.
Pain shoots through your body!
You are too injured to fight recklessly!
You are too injured to fight recklessly!
You are too injured to fight recklessly!
You are too injured to fight recklessly!
You are too injured to fight recklessly!
You are too injured to fight recklessly!
You are too injured to fight recklessly!
You are too injured to fight recklessly!
You are too injured to fight recklessly!
You are too injured to fight recklessly!
You are too injured to fight recklessly!
Jessica casts a spell at you.
You easily resist.
You hit Jessica but do no damage.
Jessica is almost dead.
Jessica points at you and mumbles some strange words.
Pain shoots through your body!
You die...

#.....†.#
####.##.#
#.##.#
#.##.#######
#...........
.....##.#######
####.##.#
#.##.# #.##@#
#@# #.# ... ...
....# .#.##
#.#.#


You could see Jessica.

Vanquished Creatures
  A worm (D:2)
  3 endoplasms (D:1)
  3 giant cockroaches
  3 goblins
  3 hobgoblins
  6 jackals (D:1)
  2 quokkas
  4 ball pythons
  2 bats (D:1)
  5 frilled lizards
  3 kobolds (D:2)
  8 rats
43 creatures vanquished.

Vanquished Creatures (others)
  8 fungi (D:1)
  3 toadstools (D:1)
11 creatures vanquished.

Grand Total: 54 creatures vanquished

Notes
Turn   | Place    | Note
-------+----------+-------------------------------------------
     0 | D:1      | Descartes the Spriggan Warper began the quest for the Orb.
     0 | D:1      | Reached XP level 1. HP: 10/10 MP: 5/5
   567 | D:1      | Reached skill level 1 in Stealth
   620 | D:1      | Reached XP level 2. HP: 4/14 MP: 6/6
  1685 | D:1      | Learned a level 2 spell: Blink
  1863 | D:1      | Reached XP level 3. HP: 16/18 MP: 8/8
  3151 | D:2      | Reached skill level 5 in Translocations
  3415 | D:2      | Noticed Jessica
  3438 | D:2      | Killed from afar by Jessica

Illustrated notes

Levels and vault maps discovered:
D:1:      sevenhm_arrival_forest_fort_large_1, layout_basic,
          minmay_gold_behind_fungi, kennysheep_boxes
D:2:      minmay_chambers_of_ones, layout_loops_ring, minmay_misc_feat_encased,
          minmay_joined_circles, uniq_jessica

Skill      XL: |  1  2  3 |
---------------+----------+-----
Stealth        | 1 2 |  2.2
Spellcasting   | 3 |  3.0
Translocations | 5 |  5.1
Fighting       | |  1.5
Short Blades   | |  2.8
Throwing       | |  1.0
Dodging        | |  3.8

Action                   || total
-------------------------++-------
Melee: Short sword       ||   224
 Stab: Sleeping          ||     8
Armor: Robe              ||    18
Dodge: Dodged            ||   179
